 Dungeon Crawl Stone Soup version 0.30-a0-900-g23479c02f2 (webtiles) character file.

Game seed: 13520903712107412912

47 cforsyth the Firebug (level 3, -1/46 HPs)
             Began as an Ogre Fire Elementalist on Mar 19, 2023.
             Slain by a goblin
             ... wielding a +0 club
             ... led by Robin
              (3 damage)
             ... on level 2 of the Dungeon.
             The game lasted 00:02:04 (637 turns).

cforsyth the Firebug (Ogre Fire Elementalist)        Turns: 637, Time: 00:02:05

Health: -1/46      AC: 21    Str: 12    XL:     3   Next: 70%
Magic:  7/7        EV:  1    Int: 18    God:
Gold:   53         SH:  0    Dex:  9    Spells: 5/8 levels left

rFire   . . .      SeeInvis .    (no weapon)
rCold   . . .      Faith    .    (no shield)
rNeg    . . .      Spirit   .    a - melded +0 robe
rPois   +          Reflect  .    (helmet currently unavailable)
rElec   .          Rampage  .    (cloak currently unavailable)
rCorr   .          Clarity  +    (gloves unavailable)
Will    .....      NoTele   +    (boots unavailable)
Stlth   ++                       c - amulet of magic regeneration
HPRegen 0.27/turn                (no ring)
MPRegen 0.50/turn                (no ring)

@: brilliant, tree-form
A: stationary, stasis, torment immunity, boosted hp, large, unfitting armour,
(tough skin 1), (horns 1), clarity, (sturdy frame 1), noise suppression
a: no special abilities


You were on level 2 of the Dungeon.
You were a tree.
You visited 1 branch of the dungeon, and saw 2 of its levels.

You collected 53 gold pieces.

Inventory:

Armour
 a - a +0 robe (melded)
Jewellery
 c - an amulet of magic regeneration (around neck)
 g - an amulet of reflection
Scrolls
 e - a scroll of blinking
 f - a scroll of identify
 i - a scroll of vulnerability {unknown}
 k - a scroll of poison {unknown}
Potions
 b - a potion of magic
 j - a potion of lignification


   Skills:
 - Level 2.1 Dodging
 - Level 1.7 Stealth
 + Level 3.0 Spellcasting
 + Level 1.6 Conjurations
 + Level 3.1 Fire Magic


You had 5 spell levels left.
You knew the following spells:

 Your Spells              Type           Power      Damage    Failure   Level
a - Foxfire               Conj/Fire      64%        2x1d7     6%          1
b - Scorch                Fire           40%        2d7       7%          2

Your spell library contained the following spells:

 Spells                   Type           Power      Damage    Failure   Level
 Inner Flame              Hex/Fire       12%        N/A       26%         3
 Kindle Blastsparks       Fire/Tloc/Air  18%        2d11      32%         3
 Hailstorm                Conj/Ice       8%         3d4       34%         3
 Flame Wave               Conj/Fire      16%        2d7       52%         4
 Ice Form                 Ice/Tmut       4%         N/A       85%         4
 Simulacrum               Ice/Necr       2%         N/A       100%        6


Dungeon Overview and Level Annotations

Branches:
Dungeon (2/15)

Altars:

Annotations:
D:2 Robin


Innate Abilities, Weirdness & Mutations

You are a tree.
Your roots penetrate the ground, keeping you stationary.
You cannot be teleported.
You are immune to unholy pain and torment.
Your maximum health is greatly increased.
Your equipment is partially melded.
You are too large for most types of armour.
((You have tough skin. (AC +1)))
((You have a pair of small horns on your head.))
You possess an exceptional clarity of mind.
((Your movements are slightly less encumbered by armour. (ER -2)))
You passively dampen the noise of your surroundings.


Message History

Robin throws the goblin at you! The goblin hits you but does no damage.
You see here a +0 club.
You hit the goblin.
The goblin is heavily wounded.
The goblin hits you with a +0 club. The goblin hits you with a +0 dagger.
Robin roars a battlecry!
The goblins go into a battle-frenzy!
The goblin attacks as you move away! The goblin hits you with a +0 dagger.
Robin throws the goblin at you! The goblin hits you with a +0 club.
* * * LOW HITPOINT WARNING * * *
The goblin attacks as you move away! The goblin closely misses you.
Found 8 stones and a scroll labelled KORCHI JEGRA.
The goblin no longer looks unusually strong.
The goblin hits you with a +0 club.
* * * LOW HITPOINT WARNING * * *
The goblin hits you with a +0 club.
* * * LOW HITPOINT WARNING * * *
Robin roars a battlecry!
The goblin goes into a battle-frenzy!
It was a potion of lignification.
You turn into a tree.
Your +0 robe melds into your body.
Your roots penetrate the ground.
The goblin no longer looks unusually strong.
The goblin completely misses you.
The goblin hits you but does no damage. x2
Robin roars a battlecry!
The goblin goes into a battle-frenzy!
It was a potion of brilliance.
You feel clever all of a sudden.
An adder comes into view.
The goblin hits you but does no damage. x3; Robin throws the goblin at you!
It was a potion of mutation.
You feel extremely strange.
Your thoughts seem clearer.
A pair of horns grows on your head!
You feel your surroundings grow quieter.
You feel less encumbered by your armour.
The goblin hits you but does no damage. x3
Unknown command.
As you read the scroll labelled KORCHI JEGRA, it crumbles to dust.
It is a scroll of identify.
e - a scroll of blinking The goblin hits you but does no damage. x2; The goblin hits you with a +0 club.
You die...

##### ......? ..#..
....... #####.#.#
....... .....?..
(...... ..)....?
.......
##....######.......
..#!.....Sggggg......
.g).).†..g.gg♣....#.#
.###.#.#####g.......
#.# .†.).....
#.#####........
#............##
#.#####......# #.#
#..#.### #.#####..#.#
...........#


You could see Robin, an adder (wandering), 2 hobgoblins and 6 goblins.

Vanquished Creatures
  2 adders
  A ball python (D:2)
  4 endoplasms (D:1)
  8 goblins
  4 hobgoblins
  4 kobolds
  A frilled lizard (D:1)
  2 rats (D:1)
26 creatures vanquished.

Vanquished Creatures (others)
  141 foxfires
141 creatures vanquished.

Grand Total: 167 creatures vanquished

Notes
Turn   | Place    | Note
-------+----------+-------------------------------------------
     0 | D:1      | cforsyth the Ogre Fire Elementalist began the quest for the
                  | Orb.
     0 | D:1      | Reached XP level 1. HP: 16/16 MP: 3/3
    89 | D:1      | Reached skill level 1 in Conjurations
   184 | D:1      | Reached XP level 2. HP: 24/24 MP: 2/5
   552 | D:1      | Reached XP level 3. HP: 31/31 MP: 4/7
   555 | D:1      | Learned a level 2 spell: Scorch
   614 | D:2      | Noticed Robin
   633 | D:2      | HP: 1/31 [goblin/+0 club[Robin] (3)]
   636 | D:2      | Gained mutation: You possess an exceptional clarity of
                  | mind. [potion of mutation]
   636 | D:2      | Gained mutation: You have a pair of small horns on your
                  | head. [potion of mutation]
   636 | D:2      | Gained mutation: You passively dampen the noise of your
                  | surroundings. [potion of mutation]
   636 | D:2      | Gained mutation: Your movements are slightly less
                  | encumbered by armour. (ER -2) [potion of mutation]
   637 | D:2      | Slain by a goblin

Illustrated notes

Levels and vault maps discovered:
D:1:      evilmike_arrival_hilbert_curve, layout_rooms, minmay_misc_feat_doors
D:2:      layout_loops_ring, uniq_robin, uniq_crazy_yiuf_cottage, uniq_natasha

Skill      XL: |  1  2  3 |
---------------+----------+-----
Conjurations   | 1 |  1.6
Dodging        | 2 |  2.1
Fire Magic     | 3 |  3.1
Spellcasting   | 3 |  3.0
Stealth        | |  1.7

Action                     || total
---------------------------++-------
  Melee: Unarmed           ||     3
   Cast: Foxfire           ||    75
    Use: Potion            ||     3
         Scroll            ||     1
 Armour: Skin              ||    11
         Robe              ||     3
  Dodge: Dodged            ||     9

Table legend: (Time is in decaauts)
 A = Elapsed time spent in this place.
 B = Non-inter-level travel time spent in this place.
 C = Inter-level travel time spent in this place.
 D = Time resting spent in this place.
 E = Time spent auto-exploring this place.
 F = Levels seen in this place.
 G = Mean time per level.
                   A        B        C        D        E       F      G
               +--------+--------+--------+--------+--------+-----+--------+
         Total |    638 |    611 |     27 |      0 |    428 |   2 |  319.0 |
       Dungeon |    638 |    611 |     27 |      0 |    428 |   2 |  319.0 |
               +--------+--------+--------+--------+--------+-----+--------+

Top non-repeatable levels by time:
     D:1: 559 daAuts
     D:2: 79 daAuts
